 Dungeon Sprint DCSS version 0.29.1-2-gbd0b4ee654 (webtiles) character file.

Game seed: 15014989645376340038

554 boopmooplesden the Cleaver (level 9, 0/90 HPs)
             Began as a Minotaur Fighter on Nov 27, 2022.
             Was a High Priest of Trog.
             Slain by a pharaoh ant (29 damage)
             ... in the Dungeon (Sprint VI: "Thunderdome").
             The game lasted 00:05:05 (786 turns).

boopmooplesden the Cleaver (Minotaur Fighter)        Turns: 786, Time: 00:05:06

Health: 0/90       AC: 12    Str: 25    XL:     9   Next: 95%
Magic:  8/8        EV: 13    Int: 16    God:    Trog [*****.]
Gold:   68         SH: 13    Dex: 18    Spells: 8/8 levels left

rFire   x . .      SeeInvis +   r - +5 hand axe (vorpal)
rCold   + + .      Faith    .   c - +0 buckler
rNeg    + . .      Spirit   .   b - +0 scale mail
rPois   .          Reflect  +   l - +1 hat of Bikhluorik {rN+ rCorr Int+3 Dex+4}
rElec   .          Harm     .   (no cloak)
rCorr   +          Rampage  .   (no gloves)
Will    +++..      NoTele   +   d - +1 pair of boots of Apathy {rC+ Will+++ Regen+}
Stlth   +.........              o - amulet "Xamyer" {Reflect -Tele Int+4 Dex+2 SH+5 SInv}
HPRegen 1.05/turn               p - ring of Ypoig {Ice Dex+2}
MPRegen 0.11/turn               q - ring of Attitude {rCorr Int+4 SInv}

@: on berserk cooldown, slowed, very slow
A: horns 2, retaliatory headbutt
}: 1/15 runes: decaying
a: Renounce Religion, Berserk, Trog's Hand, Brothers in Arms


You were in the Dungeon.
You worshipped Trog.
Trog was extremely pleased with you.
You visited 1 branch You collected 850 gold pieces.
You spent 782 gold pieces at shops.

Inventory:

Hand Weapons
 a - a +0 war axe
 r - a +5 vorpal hand axe (weapon)
Armour
 b - a +0 scale mail (worn)
 c - a +0 buckler (worn)
 d - the +1 pair of boots of Apathy (worn) {rC+ Will+++ Regen+}
   (You bought it in a shop in the Dungeon)

   rC:        It protects you from cold.
   Regen:     It increases your rate of health regeneration.
   Will:      It greatly increases your willpower.
 l - the +1 hat of Bikhluorik (worn) {rN+ rCorr Int+3 Dex+4}
   (You bought it in a shop in the Dungeon)

   Int:       It affects your intelligence (+3).
   Dex:       It affects your dexterity (+4).
   rN:        It protects you from negative energy.
   rCorr:     It protects you from acid and corrosion.
Jewellery
 o - the amulet "Xamyer" (around neck) {Reflect -Tele Int+4 Dex+2 SH+5 SInv}
   (You bought it in a shop in the Dungeon)

   [amulet of reflection]

   It reflects blocked missile attacks.
   Int:       It affects your intelligence (+4).
   Dex:       It affects your dexterity (+2).
   SInv:      It lets you see invisible.
   -Tele:     It prevents most forms of teleportation.
   SH:        It affects your SH (+5).
 p - the ring of Ypoig (left hand) {Ice Dex+2}
   (You bought it in a shop in the Dungeon)

   [ring of ice]

   It enhances your ice magic.
   Dex:       It affects your dexterity (+2).
   rF:        It makes you vulnerable to fire.
   rC:        It protects you from cold.
 q - the ring of Attitude (right hand) {rCorr Int+4 SInv}
   (You bought it in a shop in the Dungeon)

   [ring of resist corrosion]

   Int:       It affects your intelligence (+4).
   SInv:      It lets you see invisible.
   rCorr:     It protects you from acid and corrosion.
Wands
 m - a wand of roots (3)
Scrolls
 j - 4 scrolls of blinking
 n - 3 scrolls of butterflies
Potions
 e - a potion of curing
 f - 2 potions of heal wounds
 g - 4 potions of haste
 h - 2 potions of magic
 i - a potion of berserk rage
 k - a potion of resistance


   Skills:
 + Level 12.2 Fighting
 + Level 14.5 Axes
 + Level 11.2 Armour
 + Level 5.9 Dodging
 + Level 2.8 Stealth
 + Level 12.7 Shields
 + Level 3.5 Evocations


You had 8 spell levels left.
You didn't know any spells.
Your spell library was empty.

Dungeon Overview and Level Annotations

Branches:
Dungeon (1/1)

Altars:
Cheibriados
Dithmenos
Fedhas
Gozag
Kikubaaqudgha
Makhleb
Okawaru
Qazlal
Ru
Sif Muna
Trog
Uskayaw
Vehumet
Wu Jian
Xom
Yredelemnul
Zin
The Shining One
Lugonu

Shops:
D *[??*?*:[((!!!!


Innate Abilities, Weirdness & Mutations

You have a pair of horns on your head.
You reflexively headbutt those who attack you in melee.


Message History

The jumping spider's wounds heal themselves!
You slash the culicivora!
You kill the culicivora!
Trog accepts your kill.
You slash the jumping spider! The jumping spider pounces on you.
* * * LOW HITPOINT WARNING * * *
You block the jumping spider's attack.
You hit the jumping spider but do no damage.
The jumping spider is moderately wounded.
The jumping spider leaps!
The jumping spider leaps!
A pharaoh ant comes into view.
The pharaoh ant gives a chilling moan.
You hit the jumping spider.
Your headbutt misses the jumping spider.
The jumping spider is heavily wounded.
You block the jumping spider's attack.
The jumping spider bites you but does no damage.
You hit the jumping spider but do no damage.
The jumping spider is heavily wounded.
You block the jumping spider's attack.
The jumping spider bites you but does no damage.
You block the jumping spider's attack. The jumping spider bites you.
* * * LOW HITPOINT WARNING * * *
Your ogre goes berserk!
The jumping spider pounces on you but does no damage.
The jumping spider closely misses you.
The jumping spider pounces on you but does no damage.
You block the jumping spider's attack.
You closely miss the jumping spider.
The jumping spider is heavily wounded.
You block the jumping spider's attack. x2
Your ogre barely misses the jumping spider.
You hit the jumping spider.
The jumping spider is heavily wounded.
You hit the pharaoh ant but do no damage.
The jumping spider closely misses you. You furiously retaliate!
You headbutt the jumping spider. You block the jumping spider's attack.
The pharaoh ant bites you!!
You die...

#_......._# #........_#
###.......).###
#⌠...........⌠#
######.8......(..8.####
##.___......###........_
###∩.......†8.# #.8.......
##........†....###..)......
#⌠.......s@.###...###......
#⌠....)).BO.# #.<.# #......
#⌠.........)###...###......
##...........÷.###.........
###∩........8.# #.8.......
##∩___......###.).....__
######.8.(.......8.####
#⌠...........⌠#
###.........###


You could see a pharaoh ant, a jumping spider (ally target) and a friendly ogre
(summoned, berserk).

Vanquished Creatures
  A wizard (D)
  A wolf spider (D)
  A rime drake (D)
  Sigmund (D)
  2 culicivoras (D)
  A water elemental (D)
  3 ice beasts (D)
  A necrophage (D)
  Jessica (D)
  3 adder skeletons (D)
  A dart slug (D)
  A bat skeleton (D)
  A giant cockroach (D)
  A ball python (D)
  A ball python simulacrum (D)
  A frilled lizard (D)
  6 kobolds (D)
27 creatures vanquished.

Notes
Turn   | Place    | Note
-------+----------+-------------------------------------------
     0 | D        | boopmooplesden the Minotaur Fighter began the quest for the
                  | Orb.
     0 | D        | Reached XP level 1. HP: 19/19 MP: 0/0
     3 | D        | Found a bloodstained altar of Trog.
     4 | D        | Found a burning altar of Makhleb.
     4 | D        | Found a stormy altar of Qazlal.
     5 | D        | Found a glowing golden altar of the Shining One.
     5 | D        | Found an ancient bone altar of Kikubaaqudgha.
     5 | D        | Round 1.
     6 | D        | Found an iron altar of Okawaru.
     6 | D        | Found a glowing silver altar of Zin.
     6 | D        | Found Ymmus's Identification Station.
     7 | D        | Found Viajit's Jewellery.
     7 | D        | Found Luohoeri's Advanced Armour.
     8 | D        | Found a shadowy altar of Dithmenos.
    11 | D        | Became a worshipper of Trog the Wrathful
    16 | D        | Bought a slimy diamond amulet for 45 gold pieces
    16 | D        | Identified the amulet "Xamyer" {Reflect -Tele Int+4 Dex+2
                  | SH+5 SInv} (You bought it in a shop in the Dungeon)
    16 | D        | Bought a wavering turquoise ring for 45 gold pieces
    16 | D        | Identified the ring of Ypoig {Ice Dex+2} (You bought it in
                  | a shop in the Dungeon)
    16 | D        | Bought a flickering glass ring for 45 gold pieces
    16 | D        | Identified the ring of Attitude {rCorr Int+4 SInv} (You
                  | bought it in a shop in the Dungeon)
    27 | D        | Found a shimmering blue altar of Sif Muna.
    28 | D        | Found a radiant altar of Vehumet.
    29 | D        | Found a basalt altar of Yredelemnul.
    31 | D        | Found Zacees's Premium Goods.
    32 | D        | Found a sacrificial altar of Ru.
    32 | D        | Found a snail-covered altar of Cheibriados.
    32 | D        | Found a hide-covered altar of Uskayaw.
    32 | D        | Found Fihanasu's Weapon Rack.
    32 | D        | Found Awiol's Miscellaneous Merchandise.
    32 | D        | Found Agoist's Basic Armour.
    39 | D        | Reached * piety under Trog
    45 | D        | Found a blossoming altar of Fedhas.
    46 | D        | Found an ornate altar of the Wu Jian Council.
    47 | D        | Found Hoos's Do-It-Yourself Clinic.
    48 | D        | Found Faeh's Bottled Wisdom.
    48 | D        | Found Xairupal's Distillery.
    49 | D        | Found a corrupted altar of Lugonu.
    49 | D        | Found Kealeagg's Distillery.
    53 | D        | Found a shimmering altar of Xom.
    55 | D        | Found an opulent altar of Gozag.
    56 | D        | Found Nocy's Staff Store.
    56 | D        | Found Qovohose's Magic Scroll Shop.
    57 | D        | Found Abrimpu's Must-Have Magic.
    57 | D        | Found Paska's Magic Scroll Shop.
    80 | D        | Noticed Jessica
    80 | D        | Noticed Sigmund
    85 | D        | Killed Jessica
    86 | D        | Reached skill level 5 in Fighting
    86 | D        | Reached skill level 3 in Axes
    86 | D        | Reached skill level 5 in Armour
    86 | D        | Reached skill level 5 in Shields
    86 | D        | Reached XP level 2. HP: 14/29 MP: 1/1
    86 | D        | Reached XP level 3. HP: 18/36 MP: 2/2
    89 | D        | Killed Sigmund
    89 | D        | Reached ** piety under Trog
    90 | D        | Reached skill level 5 in Axes
    90 | D        | Reached skill level 1 in Dodging
    90 | D        | Reached XP level 4. HP: 14/48 MP: 3/3
    90 | D        | Reached XP level 5. HP: 16/53 MP: 4/4
   105 | D        | Arena points: 14 (+14) [x2]
   168 | D        | Round 2.
   190 | D        | Reached *** piety under Trog
   191 | D        | Reached skill level 6 in Axes
   224 | D        | Arena points: 50 (+36) [x3]
   240 | D        | Round 3.
   244 | D        | Noticed a rime drake
   246 | D        | Noticed a water elemental
   246 | D        | Noticed an ice beast
   251 | D        | Noticed an ice beast
   254 | D        | Killed an ice beast
   255 | D        | Reached skill level 7 in Axes
   255 | D        | Reached XP level 6. HP: 63/63 MP: 5/5
   257 | D        | Killed a rime drake
   257 | D        | Reached **** piety under Trog
   258 | D        | Reached skill level 10 in Fighting
   258 | D        | Reached skill level 9 in Axes
   258 | D        | Reached XP level 7. HP: 63/72 MP: 6/6
   259 | D        | Killed a water elemental
   260 | D        | Reached skill level 10 in Axes
   260 | D        | Reached skill level 10 in Armour
   260 | D        | Reached skill level 10 in Shields
   272 | D        | Arena points: 134 (+84) [x4]
   299 | D        | Round 4.
   342 | D        | Reached ***** piety under Trog
   461 | D        | Arena points: 274 (+140) [x5]
   480 | D        | Bought a pair of polished boots for 332 gold pieces
   480 | D        | Identified the +1 pair of boots of Apathy {rC+ Will+++
                  | Regen+} (You bought it in a shop in the Dungeon)
   498 | D        | Round 5.
   526 | D        | Noticed a witch
   534 | D        | Noticed a bunyip
   541 | D        | Noticed a goliath frog
   547 | D        | Killed a witch
   547 | D        | Arena points: 554 (+280) [x7]
   548 | D        | Reached skill level 12 in Axes
   548 | D        | Reached skill level 1 in Stealth
   548 | D        | Reached skill level 1 in Evocations
   548 | D        | Reached XP level 8. HP: 51/82 MP: 7/7
   550 | D        | Got a decaying rune of Zot
   551 | D        | Reached skill level 13 in Axes
   551 | D        | Reached skill level 5 in Dodging
   551 | D        | Reached XP level 9. HP: 39/90 MP: 8/8
   555 | D        | Bought a faintly glowing hat for 315 gold pieces
   555 | D        | Identified the +1 hat of Bikhluorik {rN+ rCorr Int+3 Dex+4}
                  | (You bought it in a shop in the Dungeon)
   747 | D        | Round 6.
   750 | D        | Noticed a wolf spider
   760 | D        | Killed a wolf spider
   760 | D        | Received a gift from Trog
   761 | D        | Reached skill level 14 in Axes
   781 | D        | Noticed a pharaoh ant
   786 | D        | Slain by a pharaoh ant

Illustrated notes

Levels and vault maps discovered:
D:        arena_sprint

Skill      XL: |  1  2  3  4  5  6  7  8  9 |
---------------+----------------------------+-----
Fighting       | 5 8 9 10 11 12 | 12.2
Armour         | 5 8 9 10 11 | 11.2
Shields        | 5 7 9 11 12 | 12.7
Axes           | 3 5 7 9 12 13 14 | 14.5
Dodging        | 1 2 3 4 5 |  5.9
Stealth        | 1 2 |  2.8
Evocations     | 1 2 3 |  3.5

Action                   |  1- 3 |  4- 6 |  7- 9 || total
-------------------------+-------+-------+-------++-------
Melee: War axe           |     8 |    21 |    33 ||    62
       Headbutt          |     1 |     2 |    10 ||    13
       Hand axe          |       |       |    18 ||    18
Invok: Berserk           |     1 |     1 |     2 ||     4
       Brothers in Arms  |       |       |     1 ||     1
Evoke: Wand              |       |       |     7 ||     7
  Use: Potion            |       |     2 |     2 ||     4
Armor: Scale mail        |       |     4 |    11 ||    15
Dodge: Dodged            |     2 |     5 |    29 ||    36
Block: Buckler           |     6 |    13 |    42 ||    61
       Reflection        |       |     1 |       ||     1
